 Dungeon Crawl Stone Soup version 0.30-a0-4-ga7cffc901d (webtiles) character file.

Game seed: 1815747741722936295

4311 SensoryNuts the Cleaver (level 10, -13/86 HPs)
             Began as a Minotaur Fighter on Aug 21, 2022.
             Was an Initiate of Gozag.
             Killed from afar by an oklob plant (28 damage)
             ... with a splash of acid
             ... on level 8 of the Dungeon.
             The game lasted 00:11:57 (9620 turns).

SensoryNuts the Cleaver (Minotaur Fighter)          Turns: 9620, Time: 00:11:59

Health: -13/86     AC:  0    Str: 26    XL:     10   Next: 11%
Magic:  9/9        EV:  7    Int:  5    God:    Gozag
Gold:   634        SH:  0    Dex:  9    Spells: 9/9 levels left

rFire   . . .      SeeInvis .    v - +5 war axe (freeze)
rCold   . . .      Faith    .    c - +0 buckler
rNeg    . . .      Spirit   .    o - +1 plate armour
rPois   .          Reflect  .    (helmet restricted)
rElec   .          Harm     .    w - +0 cloak
rCorr   .          Rampage  .    j - +0 pair of gloves
Will    .....                    q - +1 pair of boots
Stlth   ..........               (no amulet)
HPRegen 0.24/turn                (no ring)
MPRegen 0.11/turn                (no ring)

@: confused, ambrosia-drunk, corroded
A: horns 2, retaliatory headbutt
a: Renounce Religion, Potion Petition, Call Merchant, Bribe Branch


You were on level 8 of the Dungeon.
You worshipped Gozag.
Gozag was pleased with you.
You visited 2 branches of the dungeon, and saw 9 of its levels.
You also visited: Sewer and Ossuary.

You collected 920 gold pieces.
You spent 55 gold pieces at shops.
You paid 231 gold pieces to Gozag.

Inventory:

Hand Weapons
 a - a +0 war axe
 v - a +5 war axe of freezing (weapon)
Armour
 c - a +0 buckler (worn)
 j - a +0 pair of gloves (worn)
 o - a +1 plate armour (worn)
 q - a +1 pair of boots (worn)
 w - a +0 cloak (worn)
Wands
 s - a wand of paralysis (2)
 t - a wand of iceblast (5)
Scrolls
 h - 2 scrolls of noise
 i - 2 scrolls of vulnerability
 k - a scroll of identify
 m - a scroll of immolation
 n - a scroll of silence
 x - 2 scrolls of enchant armour
Potions
 b - a potion of curing
 f - 2 potions of resistance
 g - 2 potions of degeneration
 l - 2 potions of brilliance
 p - a potion of magic
 u - a potion of mutation


   Skills:
 + Level 7.3 Fighting
 * Level 13.9 Axes
 + Level 8.4 Armour
 + Level 1.0 Dodging
 + Level 1.2 Stealth
 + Level 5.0 Shields


You had 9 spell levels left.
You didn't know any spells.
Your spell library contained the following spells:

 Spells                   Type           Power      Damage    Failure   Level
 Call Canine Familiar     Summ           0%         N/A       100%        3
 Portal Projectile        Hex/Tloc       0%         N/A       100%        3
 Summon Guardian Golem    Hex/Summ       0%         N/A       100%        3
 Leda's Liquefaction      Hex/Erth       0%         N/A       100%        4
 Orb of Destruction       Conj           0%         9d5       100%        7
 Spellforged Servitor     Conj/Summ      0%         N/A       100%        7


Dungeon Overview and Level Annotations

Branches:
Dungeon (8/15)             Temple (1/1) D:6           Sewer (visited)
Ossuary (visited)
   Lair: D:8-11

Altars:
Ashenzari
Cheibriados
Dithmenos
Elyvilon
Fedhas
Gozag
Hepliaklqana
Kikubaaqudgha
Makhleb
Nemelex Xobeh
Okawaru
Qazlal
Ru
Sif Muna
Trog
Uskayaw
Vehumet
Wu Jian
Xom
Yredelemnul
Zin
The Shining One

Shops:
D:3 (   D:5 =   D:6 *   D:7 ((=[*

Annotations:
D:8 exclusion: 3 oklob plants


Innate Abilities, Weirdness & Mutations

You have a pair of horns on your head.
You reflexively headbutt those who attack you in melee.


Message History

The oklob plant spits acid at you. The splash of acid hits you!
You hit the oklob plant. You freeze the oklob plant.
The oklob plant is heavily damaged.
You hit the plant.
The plant begins to die.
You freeze the plant. You slash the plant! You freeze the plant.
You completely miss the plant. The oklob plant spits acid at you.
The splash of acid hits you!
You slash the oklob plant! You freeze the oklob plant.
The oklob plant is severely damaged.
You hit the plant. You freeze the plant. You slash the plant!
You freeze the plant. You hit the plant. You freeze the plant.
The oklob plant spits acid at you. The splash of acid hits you!!
* * * LOW HITPOINT WARNING * * *
The acid corrodes you! The oklob plant spits acid at you.
The splash of acid hits you.
* * * LOW HITPOINT WARNING * * *
You feel better.
A nearby plant withers and dies. x2
A nearby plant withers and dies.
You feel better. The oklob plant spits acid at you.
The splash of acid hits you!!
* * * LOW HITPOINT WARNING * * *
The acid corrodes you!
You are confused.
You feel invigorated. The oklob plant spits acid at you.
The splash of acid hits you!!
* * * LOW HITPOINT WARNING * * *
The acid corrodes you! The oklob plant spits acid at you.
The splash of acid hits you!!
* * * LOW HITPOINT WARNING * * *
The acid corrodes you! The oklob plant spits acid at you.
The splash of acid hits you!!
You die...
Your body crumbles into a pile of gold.

#........###...##......##........
##..###...##....#................
.....##..##....................[.
.....(##.....#.......#.(.........
#.................#.#...##.......
##.....................#######...
##....................# ##.#...
###....................# ##......
....##..........@......###..##...
#...........PPP.........##..##...
#...#......PP:PP........##..##...
#...#.....PP>.=........$.#.##.)..
#..#......PP...(.P....##.#.##..).
..##......PPPPP.......#.....#))..
..# .(......PPPPP......##>.))....
### #.......P...........#...)##..
# ...................#..#.####


You could see 3 oklob plants.

Vanquished Creatures
  A two-headed ogre (D:8)
  A hornet (D:7)
  Sigmund (D:3)
  A wyvern (D:7)
  An acid dragon (D:8)
  2 water moccasins
  A floating eye (D:8)
  2 sky beasts (D:7)
  2 orc warriors (D:8)
  A black bear (D:5)
  2 ogres
  2 phantoms
  2 centaurs
  2 kobold brigands
  3 bullfrogs
  2 elf zombies
  An elf skeleton (D:4)
  4 scorpions
  5 wights (D:6)
  2 howler monkeys
  3 human zombies
  3 hounds
  A jelly (D:6)
  A gnoll bouda (D:7)
  An orc priest (D:8)
  2 iguanas
  Terence (D:3)
  3 orc wizards
  3 mummies (Ossuary)
  7 adders
  6 gnolls
  2 shadow imps
  A white imp (D:8)
  An ufetubus (D:6)
  3 adder zombies (Ossuary)
  3 worms
  43 orcs
  4 bats (Sewer)
  3 endoplasms
  4 giant cockroaches
  4 goblins
  5 hobgoblins
  7 jackals
  11 kobolds
  3 quokkas
  7 ball pythons
  4 frilled lizards
  A gnoll zombie (Ossuary)
  3 hobgoblin zombies (Ossuary)
  2 kobold zombies (Ossuary)
  2 orc skeletons (D:4)
  3 quokka zombies (Ossuary)
  5 rats
  4 rat zombies (Ossuary)
194 creatures vanquished.

Vanquished Creatures (others)
  3 plants (D:8)
  4 toadstools (D:1)
7 creatures vanquished.

Grand Total: 201 creatures vanquished

Notes
Turn   | Place    | Note
-------+----------+-------------------------------------------
     0 | D:1      | SensoryNuts the Minotaur Fighter began the quest for the
                  | Orb.
     0 | D:1      | Reached XP level 1. HP: 19/19 MP: 0/0
    98 | D:1      | Reached XP level 2. HP: 27/27 MP: 1/1
   934 | D:2      | Noticed a golden eye
   992 | D:2      | Found a faded altar of an unknown god.
   993 | D:2      | Noticed a shining eye
   995 | D:2      | Noticed an eye of devastation
   995 | D:2      | Noticed a golden eye
  1191 | D:2      | Reached XP level 3. HP: 34/34 MP: 2/2
  1235 | D:2      | Reached skill level 1 in Dodging
  1337 | D:2      | Reached skill level 3 in Axes
  1850 | D:3      | Found a glowing drain.
  1870 | Sewer    | Entered a sewer
  1891 | Sewer    | Noticed a water moccasin
  1897 | Sewer    | Killed a water moccasin
  1898 | Sewer    | Reached skill level 4 in Axes
  1898 | Sewer    | Reached XP level 4. HP: 25/41 MP: 3/3
  1898 | Sewer    | Reached XP level 5. HP: 29/47 MP: 4/4
  2216 | D:3      | Reached skill level 5 in Axes
  2346 | D:3      | Noticed Terence
  2353 | D:3      | Killed Terence
  2409 | D:3      | Noticed Sigmund
  2442 | D:3      | Killed Sigmund
  2443 | D:3      | Reached skill level 5 in Fighting
  2443 | D:3      | Reached skill level 6 in Axes
  2443 | D:3      | Reached XP level 6. HP: 20/56 MP: 5/5
  2774 | D:3      | Found Userefrea's Weapon Shoppe.
  3469 | D:4      | Reached skill level 7 in Axes
  3469 | D:4      | Reached skill level 5 in Armour
  3469 | D:4      | Reached XP level 7. HP: 60/61 MP: 6/6
  3490 | D:4      | Found a sand-covered staircase.
  3528 | Ossuary  | Entered an ossuary
  3674 | Ossuary  | Reached skill level 8 in Axes
  3856 | D:4      | Found a glowing golden altar of the Shining One.
  4290 | D:5      | Entered Level 5 of the Dungeon
  4417 | D:5      | Reached skill level 9 in Axes
  4417 | D:5      | Reached XP level 8. HP: 44/70 MP: 7/7
  4987 | D:5      | Found Iseuci's Jewellery Shop.
  5468 | D:5      | Found a white marble altar of Elyvilon.
  5772 | D:6      | Reached skill level 10 in Axes
  5968 | D:6      | Found a staircase to the Ecumenical Temple.
  5968 | D:6      | You fall into a shaft and drop 2 floors!
  5999 | D:7      | Reached skill level 11 in Axes
  6144 | D:7      | Found Hageax's Weapon Shoppe.
  6434 | D:7      | Reached XP level 9. HP: 76/78 MP: 8/8
  6483 | D:7      | Found Gyasch's Jewellery Emporium.
  6570 | D:6      | Reached skill level 12 in Axes
  6789 | D:6      | Found Jenotaka's General Store.
  6792 | D:6      | Bought a potion of heal wounds for 55 gold pieces
  7011 | D:7      | Found Xaguok's Antique Armour Shoppe.
  7102 | D:7      | Found Acleby's Assorted Antiques.
  7157 | D:7      | Paralysed by a hornet for 2 turns
  7165 | D:7      | Paralysed by a hornet for 1 turns
  7166 | D:7      | HP: 2/78 [hornet (7)]
  7523 | D:7      | Found Eryumig's Weapon Shop.
  7579 | D:7      | Reached skill level 13 in Axes
  7913 | Temple   | Entered the Ecumenical Temple
  8082 | Temple   | Became a worshipper of Gozag Ym Sagoz the Greedy
  8519 | D:8      | Reached skill level 1 in Stealth
  8722 | D:8      | Noticed a two-headed ogre
  8731 | D:8      | Killed a two-headed ogre
  8732 | D:8      | Reached XP level 10. HP: 58/86 MP: 9/9
  8899 | D:8      | Noticed an oklob plant
  9043 | D:8      | Reached skill level 5 in Shields
  9066 | D:8      | HP: 3/86 [orc priest/nerve-wracking pain (13)]
  9282 | D:8      | Noticed an oklob plant
  9598 | D:8      | Noticed an oklob plant
  9620 | D:8      | Killed from afar by an oklob plant

Illustrated notes

Levels and vault maps discovered:
D:1:      ldierk_walled_garden_2, layout_basic
D:2:      layout_loops_cross, hellmonk_ecumenical_altar_watching_god
D:3:      layout_rooms, serial_shops, nicolae_shop_bloodbath_and_beyond,
          cheibrodos_sewer_entry_drain, uniq_sigmund, uniq_terence
D:4:      layout_loops_ring, mainiacjoe_overflow_brackets,
          nicolae_ossuary_entry_catacombs, serial_glass, glass_columns_a,
          glass_columns_a, glass_columns_a
D:5:      layout_basic, mainiacjoe_overflow_alcove_4, corexii_checkpoint_b,
          roderic_lattice_a, nicolae_inconvenience_store, grunt_ministairs_13
D:6:      layout_rooms, temple_green, serial_shops, kennysheep_mini_moat
D:7:      layout_rooms, serial_shops, nicolae_square_shop, nicolae_square_shop,
          shop, nicolae_shop_stone, shop, minmay_misc_feat_doors,
          chequers_serial_rivers_large_a
D:8:      layout_cave_pools, special_room [special_room_orc], disabler_island
Temple:   nicolae_temple_bog_church

Skill      XL: |  1  2  3  4  5  6  7  8  9 10 |
---------------+-------------------------------+-----
Fighting       | 4 5 6 7 |  7.3
Dodging        | 1 |  1.0
Armour         | 4 5 6 7 8 |  8.4
Axes           | 4 6 7 9 11 13 | 13.9
Shields        | 4 5 |  5.0
Stealth        | 1 |  1.2

Action                   |  1- 3 |  4- 6 |  7- 9 | 10-12 || total
-------------------------+-------+-------+-------+-------++-------
Melee: War axe           |    74 |   100 |   246 |    38 ||   458
       Headbutt          |    11 |    16 |    38 |     5 ||    70
  Use: Potion            |       |     5 |     8 |     8 ||    21
       Scroll            |       |    10 |     6 |     2 ||    18
 Stab: Distracted        |       |       |     1 |       ||     1
Armor: Scale mail        |    14 |       |       |       ||    14
       Plate armour      |    33 |    62 |   163 |    23 ||   281
Dodge: Dodged            |    29 |    25 |    83 |    12 ||   149
Block: Buckler           |    15 |    12 |    57 |     8 ||    92

Table legend: (Time is in decaauts)
 A = Elapsed time spent in this place.
 B = Non-inter-level travel time spent in this place.
 C = Inter-level travel time spent in this place.
 D = Time resting spent in this place.
 E = Time spent auto-exploring this place.
 F = Levels seen in this place.
 G = Mean time per level.
                   A        B        C        D        E       F      G
               +--------+--------+--------+--------+--------+-----+--------+
         Total |   9753 |   8819 |    934 |    244 |   7224 |  11 |  886.6 |
       Dungeon |   9087 |   8179 |    908 |    244 |   6723 |   8 | 1135.9 |
        Temple |    179 |    153 |     26 |      0 |    132 |   1 |  179.0 |
         Sewer |    219 |    219 |      0 |      0 |    190 |   1 |  219.0 |
       Ossuary |    267 |    267 |      0 |      0 |    179 |   1 |  267.0 |
               +--------+--------+--------+--------+--------+-----+--------+

Top non-repeatable levels by time:
     D:5: 1629 daAuts
     D:3: 1339 daAuts
     D:7: 1221 daAuts
     D:6: 1188 daAuts
     D:8: 1165 daAuts
     D:1: 940 daAuts
     D:2: 920 daAuts
     D:4: 681 daAuts
 Ossuary: 267 daAuts
   Sewer: 219 daAuts
  Temple: 179 daAuts
